 Dungeon Crawl Stone Soup version 0.29-a0-1014-ga8c0faee3b (webtiles) character file.

Game seed: 5937141250829123511

28 BritishOli the Trooper (level 2, 0/21 HPs)
             Began as a Demonspawn Fighter on Aug 9, 2022.
             Slain by a goblin
             ... wielding a +0 club
             ... led by Robin
              (1 damage)
             ... on level 2 of the Dungeon.
             The game lasted 00:01:07 (1239 turns).

BritishOli the Trooper (Demonspawn Fighter)         Turns: 1239, Time: 00:01:08

Health: 0/21       AC:  6    Str: 16    XL:     2   Next: 96%
Magic:  2/2        EV:  8    Int:  9    God:
Gold:   73         SH:  4    Dex: 12    Spells: 1/1 levels left

rFire   . . .      SeeInvis .   a - +0 long sword
rCold   . . .      Faith    .   c - +0 buckler
rNeg    . . .      Spirit   .   b - +0 scale mail
rPois   .          Reflect  .   (no helmet)
rElec   .          Harm     .   (no cloak)
rCorr   .          Rampage  .   (no gloves)
Will    .....                   (no boots)
Stlth   ..........              (no amulet)
HPRegen 0.07/turn               (no ring)
MPRegen 0.08/turn               (no ring)

@: mighty, attractive, hasted, very quick
A: powered by death 1, frail 1
a: no special abilities


You were on level 2 of the Dungeon.
You visited 1 branch of the dungeon, and saw 2 of its levels.

You collected 73 gold pieces.

Inventory:

Hand Weapons
 a - a +0 long sword (weapon)
Armour
 b - a +0 scale mail (worn)
 c - a +0 buckler (worn)
Jewellery
 e - an amulet of reflection
Scrolls
 g - a scroll of fog {unknown}
 h - a scroll of summoning {unknown}
 i - 3 scrolls of identify
 j - 2 scrolls of enchant armour
 l - a scroll of teleportation {unknown}
 m - a scroll of magic mapping {unknown}
Potions
 d - a potion of might


   Skills:
 + Level 3.3 Fighting
 + Level 2.2 Long Blades
 + Level 3.0 Armour
 + Level 3.0 Shields


You had one spell level left.
You didn't know any spells.
Your spell library contained the following spells:

 Spells                   Type           Power      Damage    Failure   Level
 Blink                    Tloc           0%         N/A       96%         2
 Lesser Beckoning         Tloc           0%         N/A       99%         3
 Manifold Assault         Tloc           0%         N/A       100%        5


Dungeon Overview and Level Annotations

Branches:
Dungeon (2/15)

Altars:

Annotations:
D:2 Robin


Innate Abilities, Weirdness & Mutations

You regenerate a little health from kills.
You are frail. (-10% HP)


Message History

The goblin hits you but does no damage. The goblin barely misses you.
The goblin hits you with a +0 club.
* * * LOW HITPOINT WARNING * * *
The goblin hits you but does no damage.
Okay, then.
It was a potion of haste.
You feel yourself speed up.
The goblin hits you but does no damage. x2; The goblin closely misses you.
The goblin hits you with a +0 dagger.
* * * LOW HITPOINT WARNING * * *
It was a potion of mutation.
You feel extremely strange.
You feel frail.
The goblin no longer looks unusually strong. x2
It was a potion of attraction.
You feel attractive to monsters.
The goblin no longer looks unusually strong.
The goblin hits you with a +0 club.
* * * LOW HITPOINT WARNING * * *
The goblin hits you but does no damage. The goblin barely misses you.
The goblin hits you with a +0 dagger.
* * * LOW HITPOINT WARNING * * *
You feel very mighty all of a sudden. The goblin hits you but does no damage.
You block the goblin's attack. The goblin hits you but does no damage.
You block the goblin's attack.
You completely miss the goblin. You completely miss the goblin.
The goblin no longer looks unusually strong.
The goblin hits you but does no damage. x2; The goblin barely misses you.
The goblin hits you but does no damage.
You closely miss the goblin.
The hobgoblin no longer looks unusually strong.
The goblin barely misses you. The goblin completely misses you.
You block the goblin's attack. The goblin hits you but does no damage.
You closely miss the goblin.
The goblin no longer looks unusually strong.
Robin roars a battlecry!
The goblins go into a battle-frenzy!
You block the goblin's attack. The goblin hits you with a +0 dagger.
* * * LOW HITPOINT WARNING * * *
The goblin hits you but does no damage. The goblin hits you with a +0 club.
You die...

..........##.#
##.#####.###.#
##.#####.# #.#
.........###.#
##...........#
#.#########.#
#.# #g# #@#
......ggggSg...
#######gggg....
########.


You could see Robin, an adder, a hobgoblin (strong) and 8 goblins.

Vanquished Creatures
  A worm (D:2)
  2 endoplasms
  A giant cockroach (D:1)
  6 goblins
  2 hobgoblins (D:1)
  4 jackals (D:1)
  A quokka (D:2)
  A ball python (D:1)
  A kobold (D:2)
  3 rats
22 creatures vanquished.

Notes
Turn   | Place    | Note
-------+----------+-------------------------------------------
     0 | D:1      | BritishOli the Demonspawn Fighter began the quest for the
                  | Orb.
     0 | D:1      | Reached XP level 1. HP: 18/18 MP: 1/1
   501 | D:1      | Gained mutation: You regenerate a little health from kills.
                  | [demonic ancestry]
   501 | D:1      | Reached XP level 2. HP: 24/24 MP: 2/2
  1221 | D:2      | Noticed Robin
  1233 | D:2      | Gained mutation: You are frail. (-10% HP) [potion of
                  | mutation]
  1239 | D:2      | HP: 1/21 [goblin/+0 dagger[Robin] (1)]
  1239 | D:2      | Slain by a goblin

Illustrated notes

Levels and vault maps discovered:
D:1:      dpeg_arrival_rhombi, layout_loops_corners, skrybe_limestone_x
D:2:      layout_loops_ring, minmay_fractal_squares_gapless_5, uniq_natasha,
          uniq_robin

Skill      XL: |  1  2 |
---------------+-------+-----
Long Blades    | 2 |  2.2
Shields        | 3 |  3.0
Armour         | 3 |  3.0
Fighting       | |  3.3

Action                   || total
-------------------------++-------
Melee: Long sword        ||    56
  Use: Potion            ||     4
       Scroll            ||     1
Armor: Scale mail        ||    39
Dodge: Dodged            ||    38
Block: Buckler           ||    14

Table legend: (Time is in decaauts)
 A = Elapsed time spent in this place.
 B = Non-inter-level travel time spent in this place.
 C = Inter-level travel time spent in this place.
 D = Time resting spent in this place.
 E = Time spent auto-exploring this place.
 F = Levels seen in this place.
 G = Mean time per level.
                   A        B        C        D        E       F      G
               +--------+--------+--------+--------+--------+-----+--------+
         Total |   1255 |   1210 |     45 |      0 |   1068 |   2 |  627.5 |
       Dungeon |   1255 |   1210 |     45 |      0 |   1068 |   2 |  627.5 |
               +--------+--------+--------+--------+--------+-----+--------+

Top non-repeatable levels by time:
     D:1: 968 daAuts
     D:2: 286 daAuts
